 Dungeon Crawl Stone Soup version 0.31-a0-408-gb642c7f9a3 (webtiles) character file.

Game seed: 17015906212373911376

2004 Vomitron the Slicer (level 9, -3/55 HPs)
             Began as a Kobold Brigand on July 29, 2023.
             Was an Initiate of Gozag.
             Slain by an orc wizard
             ... wielding a +0 dagger
              (4 damage)
             ... on level 6 of the Dungeon.
             The game lasted 00:11:39 (5928 turns).

Vomitron the Slicer (Kobold Brigand)                Turns: 5928, Time: 00:11:39

Health: -3/55      AC:  8    Str: 10    XL:     9   Next: 45%
Magic:  9/9        EV: 19    Int: 19    God:    Gozag
Gold:   643        SH:  0    Dex: 22    Spells: 6/8 levels left

rFire   . . .        e - +8 dagger of the Pyrrhic Victory {flame, Str+2 Dex+2}
rCold   . . .        (no shield)
rNeg    . . .        b - +0 robe
rPois   .            (no helmet)
rElec   .            c - +1 cloak
rCorr   .            (no gloves)
SInv    .            (no boots)
Will    .....        (no amulet)
Stlth   ++++++       l - +4 ring of protection
HPRegen 0.29/turn    x - +6 ring of intelligence
MPRegen 0.11/turn

%: no passive effects
@: hasted, studying Long Blades, very quick
A: small, no large weapons, nightstalker 3
a: Renounce Religion, Potion Petition, Call Merchant, Bribe Branch


You were on level 6 of the Dungeon.
You worshipped Gozag.
Gozag was pleased with you.
You visited 1 branch of the dungeon, and saw 8 of its levels.
You also visited: Ossuary.

You collected 1219 gold pieces.
You paid 576 gold pieces to Gozag.

Inventory:

Hand Weapons
 a - a +2 dagger
 e - the +8 dagger of the Pyrrhic Victory (weapon) {flame, Str+2 Dex+2}
   (You took it off a hobgoblin on level 2 of the Dungeon)

   Str:       It affects your strength (+2).
   Dex:       It affects your dexterity (+2).
 p - a +2 dagger of electrocution
Missiles
 d - 9 poisoned darts (quivered)
 j - a throwing net
 o - 2 curare-tipped darts
Armour
 b - a +0 robe (worn)
 c - a +1 cloak (worn)
Jewellery
 l - a +4 ring of protection (left hand)
 x - a +6 ring of intelligence (right hand)
Wands
 k - a wand of mindburst (16)
 v - a wand of flame (29)
 F - a wand of light (10)
Scrolls
 f - a scroll of silence
 r - 3 scrolls of amnesia
 w - 2 scrolls of enchant armour
 y - a scroll of enchant weapon
 z - a scroll of blinking
 D - a scroll of teleportation
Potions
 g - 4 potions of curing
 h - 3 potions of degeneration
 i - 2 potions of enlightenment
 m - a potion of brilliance {unknown}
 n - 2 potions of magic
 q - a potion of lignification {unknown}
 s - a potion of haste
 t - 2 potions of might {unknown}
 u - 2 potions of berserk rage
 A - a potion of mutation {unknown}
 B - 2 potions of attraction {unknown}
 C - a potion of heal wounds {unknown}
 E - a potion of ambrosia {unknown}


   Skills:
 + Level 6.1 Fighting
 + Level 9.4 Short Blades
 - Level 2.1 Throwing
 + Level 6.3 Dodging
 + Level 9.2 Stealth
 + Level 2.4 Translocations


You had 6 spell levels left.
You knew the following spells:

 Your Spells              Type           Power      Damage    Failure   Level
a - Blink                 Tloc           18%        N/A       12%         2

Your spell library contained the following spells:

 Spells                   Type           Power      Damage    Failure   Level
 Lesser Beckoning         Tloc           18%        N/A       12%         2
 Momentum Strike          Conj/Tloc      8%         3d8       19%         2
 Static Discharge         Conj/Air       0%         2-2/arc   30%         2
 Airstrike                Air            0%         2d(0-16)  90%         4
 Summon Lightning Spire   Summ/Air       0%         N/A       90%         4


Dungeon Overview and Level Annotations

Branches:
Dungeon (8/15)            Ossuary (visited)
 Temple: D:4-7         Lair: D:8-11

Altars:
Dithmenos
Fedhas
Gozag
Kikubaaqudgha

Shops:
D:2 :


Innate Abilities, Weirdness & Mutations

You are small and have problems with some larger weapons.
You are completely attuned to the shadows.


Message History

The orc warrior hits you with a +0 dire flail.
You hit the orc warrior but do no damage.
The orc warrior is heavily wounded.
You hit the orc warrior but do no damage.
The orc warrior is heavily wounded.
The orc hits you but does no damage.
You are electrocuted!
The orc barely misses you. The orc warrior misses you.
You are too injured to fight recklessly!
Unknown command.
Okay, then.
You hit the orc warrior. You burn the orc warrior.
The orc warrior is heavily wounded.
The orc wizard hits you but does no damage.
The orc hits you with a +0 short sword of electrocution.
The orc completely misses you.
The orc warrior hits you with a +0 dire flail.
* * * LOW HITPOINT WARNING * * *
You hit the orc warrior. You burn the orc warrior.
The orc warrior is almost dead.
Unknown command.
You barely miss the orc warrior.
The orc warrior is almost dead.
The orc wizard closely misses you. The orc closely misses you.
The orc misses you.
The orc warrior hits you but does no damage.
Unknown command.
You hit the orc warrior but do no damage.
The orc warrior is almost dead.
Unknown command.
You hit the orc warrior but do no damage.
The orc warrior is almost dead.
The orc warrior hits you with a +0 dire flail!
* * * LOW HITPOINT WARNING * * *
The orc hits you but does no damage. The orc wizard casts a spell at you.
You easily resist.
The orc completely misses you.
It was a potion of haste.
You feel yourself speed up.
The orc wizard hits you with a +0 dagger.
You die...
Your body crumbles into a pile of gold.

#.##..).........................#
.. #..)........#................#
..............##................#
............######.####.....#...#
...###....##.### #.####....######
.. ###.....#.###..##.....##
..##.....##..........#
#####.......#.....#
#o@o...######## ...o.o...#
.........# ....##...# .... ..#


You could see an orc warrior, an orc wizard and 2 orcs.

Vanquished Creatures
  2 steam dragons
  2 water moccasins
  A black bear (D:8)
  An ice beast (D:5)
  A sky beast (D:7)
  2 ogres
  A bullfrog (D:6)
  4 scorpions
  A gnoll bouda (D:4)
  3 orc priests (D:5)
  2 hounds
  3 iguanas
  4 jellies
  Natasha (thrice) (D:2)
  An orc wizard (D:5)
  3 mummies (Ossuary)
  9 gnolls
  7 adders
  3 worms
  3 dart slugs
  14 orcs
  6 bats
  19 endoplasms
  A giant cockroach (D:3)
  4 goblins
  5 hobgoblins
  12 jackals
  12 kobolds
  A quokka (D:1)
  5 ball pythons
  5 frilled lizards
  3 goblin zombies (Ossuary)
  6 hobgoblin zombies (Ossuary)
  4 kobold zombies (Ossuary)
  A quokka zombie (Ossuary)
  4 rats
  4 rat zombies (Ossuary)
162 creatures vanquished.

Vanquished Creatures (others)
  An orc (D:5)
1 creature vanquished.

Grand Total: 163 creatures vanquished

Notes
Turn   | Place    | Note
-------+----------+-------------------------------------------
     0 | D:1      | Vomitron the Kobold Brigand began the quest for the Orb.
     0 | D:1      | Reached XP level 1. HP: 12/12 MP: 1/1
   298 | D:1      | Reached XP level 2. HP: 13/18 MP: 2/2
   879 | D:2      | Found Cuhuifi's Book Shoppe.
   910 | D:2      | Noticed Natasha
   921 | D:2      | Killed Natasha
   922 | D:2      | Reached XP level 3. HP: 17/22 MP: 3/3
  1009 | D:2      | Reached XP level 4. HP: 16/27 MP: 4/4
  1152 | D:2      | Noticed Natasha
  1163 | D:2      | Killed Natasha
  1164 | D:2      | Reached XP level 5. HP: 32/32 MP: 5/5
  1373 | D:2      | Noticed Natasha
  1383 | D:2      | Killed Natasha
  1524 | D:2      | Found a faded altar of an unknown god.
  1528 | D:2      | Prayed at the altar of an unknown god.
  1528 | D:2      | Became a worshipper of Gozag Ym Sagoz the Greedy
  1720 | D:2      | Identified the +8 dagger of the Pyrrhic Victory {flame,
                  | Str+2 Dex+2}
  1896 | D:2      | Identified the orb of the Worm {*Rage, Str+6 Int+5}
  2370 | D:3      | Reached skill level 5 in Short Blades
  2804 | D:3      | Reached XP level 6. HP: 37/37 MP: 6/6
  3084 | D:4      | Noticed an ogre
  3255 | D:4      | Noticed a water moccasin
  3262 | D:4      | Killed a water moccasin
  3298 | D:4      | Learned a level 2 spell: Blink
  3524 | D:4      | Killed an ogre
  3525 | D:4      | Reached XP level 7. HP: 42/42 MP: 7/7
  4276 | D:5      | Entered Level 5 of the Dungeon
  4281 | D:5      | Found a shadowy altar of Dithmenos.
  4408 | D:5      | Reached XP level 8. HP: 37/48 MP: 8/8
  4645 | D:5      | Found a sand-covered staircase.
  4650 | Ossuary  | Entered an ossuary
  4689 | Ossuary  | Reached skill level 5 in Dodging
  5057 | D:5      | Reached skill level 5 in Fighting
  5412 | D:6      | You fall into a shaft and drop 2 floors!
  5492 | D:8      | Noticed a wraith
  5563 | D:8      | Reached skill level 1 in Translocations
  5563 | D:8      | Reached XP level 9. HP: 48/54 MP: 9/9
  5843 | D:6      | Found a blossoming altar of Fedhas.
  5847 | D:6      | Found an ancient bone altar of Kikubaaqudgha.
  5927 | D:6      | HP: 1/55 [orc warrior/+0 dire flail (16)]
  5928 | D:6      | Slain by an orc wizard

Illustrated notes

Levels and vault maps discovered:
D:1:      dpeg_arrival_court, layout_basic
D:2:      layout_basic, shapermc_ecumenical_altar_acropolis, serial_shops,
          nicolae_book_shop_shelving, chequers_serial_rivers_small_b,
          uniq_natasha
D:3:      layout_basic, chequers_decorated_corner
D:4:      cheibrodos_fertilizer, layout_loops_ring, lemuel_tele_altar,
          minmay_manual_monolith
D:5:      layout_cave_pools, grunt_dithmenos_smoke_and_mirrors,
          nicolae_ossuary_entry_false_entrances
D:6:      layout_cave_pools, grunt_temple_overflow_growth_and_decay,
          temple_hall, kennysheep_generic_room_8
D:7:      layout_loops_ring, minmay_fire_ice_demons
D:8:      nicolae_hitomezashi [nicolae_hito_row, nicolae_hito_row,
          nicolae_hito_row, nicolae_hito_row, nicolae_hito_row,
          nicolae_hito_row, nicolae_hito_row, nicolae_hito_row,
          nicolae_hito_row, nicolae_hito_row, nicolae_hito_row,
          nicolae_hito_row, nicolae_hito_row, nicolae_hito_row,
          nicolae_hito_row, nicolae_hito_row, nicolae_hito_row,
          nicolae_hito_row], layout_rooms, nicolae_tso_swordbearing_angel,
          amcnicky_mini_rare_corridor_liquid, nicolae_figureground_pulse

Skill      XL: |  1  2  3  4  5  6  7  8  9 |
---------------+----------------------------+-----
Short Blades   | 3 4 5 6 7 9 |  9.4
Dodging        | 2 3 4 5 6 |  6.3
Fighting       | 3 4 5 6 |  6.1
Stealth        | 6 7 8 9 |  9.2
Translocations | 1 2 |  2.4
Throwing       | |  2.1

Action                     |  1- 3 |  4- 6 |  7- 9 || total
---------------------------+-------+-------+-------++-------
  Melee: Dagger            |    38 |   125 |   204 ||   367
         Punch             |       |     1 |     3 ||     4
  Throw: Dart              |     8 |    15 |     2 ||    25
 Invoke: Potion Petition   |       |       |     1 ||     1
  Evoke: Wand              |       |       |     1 ||     1
    Use: Scroll            |       |     7 |    11 ||    18
         Potion            |       |       |     1 ||     1
   Stab: Sleeping          |     8 |    20 |    24 ||    52
         Distracted        |       |     1 |     2 ||     3
 Armour: Robe              |     3 |    10 |    24 ||    37
  Dodge: Dodged            |    19 |    73 |    93 ||   185

Table legend: (Time is in decaauts)
 A = Elapsed time spent in this place.
 B = Non-inter-level travel time spent in this place.
 C = Inter-level travel time spent in this place.
 D = Time resting spent in this place.
 E = Time spent auto-exploring this place.
 F = Levels seen in this place.
 G = Mean time per level.
                   A        B        C        D        E       F      G
               +--------+--------+--------+--------+--------+-----+--------+
         Total |   5810 |   5584 |    226 |    431 |   3789 |   9 |  645.6 |
       Dungeon |   5598 |   5372 |    226 |    431 |   3665 |   8 |  699.8 |
       Ossuary |    212 |    212 |      0 |      0 |    124 |   1 |  212.0 |
               +--------+--------+--------+--------+--------+-----+--------+

Top non-repeatable levels by time:
     D:2: 1400 daAuts
     D:4: 1136 daAuts
     D:5: 876 daAuts
     D:1: 875 daAuts
     D:3: 806 daAuts
     D:6: 288 daAuts
 Ossuary: 212 daAuts
     D:8: 166 daAuts
     D:7: 47 daAuts
